 Dungeon Crawl Stone Soup version 0.29-a0-187-ga23d9638d5 (webtiles) character file.

Game seed: 985373296789081751

65 Zeldest the Caller (level 4, -31/22 HPs)
             Began as a Vine Stalker Summoner on Feb 21, 2022.
             Killed by an exploding orc wizard (39 damage)
             ... ignited by their inner flame
             ... on level 3 of the Dungeon.
             The game lasted 00:07:25 (1034 turns).

Zeldest the Caller (Vine Stalker Summoner)          Turns: 1034, Time: 00:07:25

Health: -31/22     AC: 10    Str: 11    XL:     4   Next: 13%
Magic:  0/8        EV: 10    Int: 17    God:
Gold:   80         SH:  0    Dex: 14    Spells: 1/7 levels left

rFire   . . .      SeeInvis .   f - +1 dagger (elec)
rCold   . . .      Faith    .   (no shield)
rNeg    . . .      Spirit   +   c - +3 ring mail
rPois   .          Reflect  .   (no helmet)
rElec   .          Harm     .   (no cloak)
rCorr   .          Rampage  .   n - +0 pair of gloves
Will    .....                   j - +0 pair of boots
Stlth   +.........              (no amulet)
HPRegen 0.87/turn               (no ring)
MPRegen 0.11/turn               (no ring)

@: no status effects
A: fangs 2, regeneration 1, magic shield, antimagic bite, no potion heal 2
a: no special abilities


You were on level 3 of the Dungeon.
You visited 1 branch of the dungeon, and saw 3 of its levels.

You collected 80 gold pieces.

Inventory:

Hand Weapons
 f - a +1 dagger of electrocution (weapon)
Armour
 a - a +0 robe
 c - a +3 ring mail (worn)
 j - a +0 pair of boots (worn)
 n - a +0 pair of gloves (worn)
Jewellery
 b - a ring of fire
 d - a ring of flight
Wands
 o - a wand of iceblast (8)
Scrolls
 g - 2 scrolls of amnesia
 m - 2 scrolls of vulnerability
Potions
 e - a potion of brilliance
 h - a potion of resistance
 i - a potion of attraction
 l - a potion of curing {unknown}


   Skills:
 + Level 1.5 Fighting
 + Level 0.3 Short Blades
 - Level 1.6 Dodging
 + Level 2.6 Stealth
 - Level 1.5 Unarmed Combat
 - Level 2.3 Spellcasting
 + Level 4.5 Summonings


You had one spell level left.
You knew the following spells:

 Your Spells              Type           Power      Damage    Failure   Level
a - Call Imp              Summ           17%        N/A       11%         2
b - Summon Small Mammal   Summ           68%        N/A       7%          1
c - Call Canine Familiar  Summ           17%        N/A       22%         3

Your spell library contained the following spells:

 Spells                   Type           Power      Damage    Failure   Level
 Summon Guardian Golem    Hex/Summ       9%         N/A       47%         3
 Summon Lightning Spire   Summ/Air       9%         N/A       87%         4


Dungeon Overview and Level Annotations

Branches:
Dungeon (3/15)

Altars:
Ashenzari


Innate Abilities, Weirdness & Mutations

You have extremely sharp teeth.
Your natural rate of healing is unusually fast.
When hurt, damage is shared between your health and your magic reserves.
Your bite disrupts and absorbs the magic of your enemies.
Potions cannot restore your health.


Message History

You closely miss something. Your bite misses something.
Your crimson imp blinks!
Something hits you but does no damage.
The orc priest looks encouraged for a moment.
You barely miss something. Your bite misses something.
Something hits you but does no damage.
The orc priest begins to cast a cantrip, but forgets the words!
You closely miss something. Something hits you but does no damage.
The orc priest mumbles some strange prayers to Beogh against you.
Something writhes in agony.
The orc priest invokes the aid of Beogh against you.
Beogh smites you!
You closely miss something. Something hits you but does no damage.
The orc priest looks satisfied for a moment.
Okay, then.
Okay, then.
The rat bites you but does no damage.
You hit the rat.
The rat is heavily wounded.
You hear some strange, mumbled words.
Something tries to affect you, but you resist.
The rat barely misses you.
You hit something. Your bite misses something. Something completely misses you.
The orc priest calls down the wrath of Beogh upon you.
Beogh smites you!
Ouch! That really hurt!
The rat closely misses you.
You miss something. Your bite misses something.
Something hits you but does no damage. The rat bites you.
Okay, then.
As you read the scroll labelled TIEPHAIPEJ, it crumbles to dust.
The creatures around you are filled with an inner flame!
It was a scroll of immolation.
Something hits you. The rat closely misses you.
You hit something.
Flame seeps out of something.
You bite something.
Reactivating autopickup.
You feel a bit more experienced.
The orc wizard explodes!
The fiery explosion engulfs you!!!
Ouch! That really hurt!
You die...

#.#######...!..# #.#
#......# ###.# #......#
....# #......# .##.#
#.####.# .##.# #......#
.##.#######.##########.#
.##..)......# #.r.....#
.#####..########@#
..............##○#
.######.....#.##o# †###
#####.<.)5o# ...#
###o#### .#.#### #.#
......# #.# ......# #.#
#..##.# ...


You could see 2 orc priests, a rat (inner flame) and a friendly crimson imp
(summoned).

Vanquished Creatures
  An orc wizard (D:3)
  An adder (D:2)
  A worm (D:2)
  3 orcs (D:3)
  A giant cockroach (D:2)
  3 goblins
  2 hobgoblins (D:2)
  4 ball pythons
  2 bats
  2 frilled lizards
  5 kobolds
  3 rats
28 creatures vanquished.

Vanquished Creatures (collateral kills)
  An adder (D:2)
  A worm (D:2)
  A dart slug (D:1)
  A goblin (D:1)
  A hobgoblin (D:1)
  5 kobolds
10 creatures vanquished.

Grand Total: 38 creatures vanquished

Notes
Turn   | Place    | Note
-------+----------+-------------------------------------------
     0 | D:1      | Zeldest the Vine Stalker Summoner began the quest for the
                  | Orb.
     0 | D:1      | Reached XP level 1. HP: 9/9 MP: 4/4
   137 | D:1      | Found a faded altar of an unknown god.
   155 | D:1      | Reached XP level 2. HP: 5/14 MP: 3/6
   160 | D:1      | Learned a level 2 spell: Call Imp
   356 | D:2      | Found a broken altar of Ashenzari.
   393 | D:2      | Reached skill level 1 in Fighting
   393 | D:2      | Reached skill level 1 in Unarmed Combat
   411 | D:2      | Reached XP level 3. HP: 15/18 MP: 4/7
   441 | D:2      | Learned a level 3 spell: Call Canine Familiar
   929 | D:3      | Gained mutation: Your natural rate of healing is unusually
                  | fast. [Vine Stalker growth]
   929 | D:3      | Reached XP level 4. HP: 21/22 MP: 8/8
  1034 | D:3      | Killed by an exploding orc wizard... ignited by their inner
                  | flame

Illustrated notes

Levels and vault maps discovered:
D:1:      dpeg_arrival_arbitrary_c, layout_basic,
          ebering_ecumenical_altar_abandoned
D:2:      layout_loops_ring, basic_altar, minmay_goblin_kobold_house
D:3:      layout_loops_cross

Skill      XL: |  1  2 |
---------------+-------+-----
Fighting       | 1 |  1.5
Unarmed Combat | 1 |  1.5
Short Blades   | |  0.3
Dodging        | |  1.6
Stealth        | |  2.6
Spellcasting   | |  2.3
Summonings     | |  4.5

Action                   |  1- 3 |  4- 6 || total
-------------------------+-------+-------++-------
Melee: Unarmed           |    72 |       ||    72
       Bite              |    19 |     8 ||    27
       Dagger            |    14 |    23 ||    37
       Punch             |     2 |       ||     2
 Cast: Summon Small Mamm |     6 |       ||     6
       Call Imp          |     7 |     1 ||     8
  Use: Scroll            |     3 |     4 ||     7
 Stab: Sleeping          |     3 |       ||     3
Armor: Ring mail         |    37 |    12 ||    49
Dodge: Dodged            |    37 |     7 ||    44

Table legend: (Time is in decaauts)
 A = Elapsed time spent in this place.
 B = Non-inter-level travel time spent in this place.
 C = Inter-level travel time spent in this place.
 D = Time resting spent in this place.
 E = Time spent auto-exploring this place.
 F = Levels seen in this place.
 G = Mean time per level.
                   A        B        C        D        E       F      G
               +--------+--------+--------+--------+--------+-----+--------+
         Total |   1031 |   1016 |     15 |      0 |      0 |   3 |  343.7 |
       Dungeon |   1031 |   1016 |     15 |      0 |      0 |   3 |  343.7 |
               +--------+--------+--------+--------+--------+-----+--------+

Top non-repeatable levels by time:
     D:2: 548 daAuts
     D:1: 352 daAuts
     D:3: 130 daAuts
